 Dungeon Crawl Stone Soup version 0.23.0-28-g6fe0f4d (webtiles) character file.

Game seed: 3740270407406208677

261 Kairos the Chopper (level 6, -1/33 HPs)
             Began as a Vine Stalker Chaos Knight on Feb 25, 2019.
             Was a Plaything of Xom.
             Slain by an orc priest
             ... wielding a +0 short sword
              (6 damage)
             ... on level 4 of the Dungeon.
             The game lasted 00:04:05 (2402 turns).

Kairos the Chopper (Vine Stalker Chaos Knight)      Turns: 2402, Time: 00:04:06

Health: -1/33      AC:  6    Str: 17    XL:     6   Next: 18%
Magic:  0/7        EV: 12    Int: 14    God:    Xom [*.....]
Gold:   125        SH:  0    Dex: 13    Spells: 5/5 levels left

rFire    . . .     SeeInvis .   x - +3 war axe (curse)
rCold    . . .     Gourm    .   (no shield)
rNeg     . . .     Faith    .   b - +2 leather armour
rPois    .         Spirit   +   (no helmet)
rElec    .         Reflect  .   h - +0 cloak
rCorr    .         Harm     .   (no gloves)
MR       .....                  (no boots)
Stlth    ++........             (no amulet)
HPRegen  0.51/turn              (no ring)
MPRegen  0.10/turn              (no ring)

@: no status effects
A: fangs 2, blurry vision 2, clever 1, regeneration 1, magic shield, antimagic
bite, no potion heal 3, rot immunity
a: Renounce Religion


You were on level 4 of the Dungeon.
You worshipped Xom.
You were a special plaything of Xom.
You were not hungry.

You visited 1 branch of the dungeon, and saw 4 of its levels.

You collected 125 gold pieces.

Inventory:

Hand Weapons
 a - a +0 hand axe of chaos
 f - a +0 vampiric whip
 x - a cursed +3 war axe (weapon)
Missiles
 t - 9 javelins (quivered)
Armour
 b - a +2 leather armour (worn)
 g - a +0 ring mail
 h - a +0 cloak (worn)
 r - a +0 scale mail
Scrolls
 d - 3 scrolls of identify
 m - a scroll of amnesia
 n - 2 scrolls of immolation
 o - 2 scrolls of teleportation
 s - a scroll of magic mapping {unknown}
 y - a scroll of noise {unknown}
 z - a scroll of fog {unknown}
Potions
 e - a potion of cancellation {unknown}
 i - a potion of heal wounds {unknown}
 j - a potion of mutation {unknown}
 k - 2 potions of curing {unknown}
 p - a potion of haste {unknown}
 q - a potion of resistance
 u - a potion of flight {unknown}
 v - a potion of lignification {unknown}
 w - a potion of agility {unknown}
Comestibles
 c - 4 rations


   Skills:
 + Level 3.7 Fighting
 + Level 4.4 Axes
 + Level 2.2 Armour
 + Level 2.0 Dodging
 + Level 1.6 Stealth


You had 5 spell levels left.
You didn't know any spells.
Your spell library was empty.

Dungeon Overview and Level Annotations

Branches:
Dungeon (4/15)
 Temple: D:4-7

Altars:
Fedhas
Okawaru
Uskayaw
Vehumet
Xom


Innate Abilities, Weirdness & Mutations

You have extremely sharp teeth.
Your natural rate of healing is unusually fast.
When hurt, damage is shared between your health and your magic reserves.
Your bite disrupts and absorbs the magic of your enemies.
Potions cannot restore your health.
You are immune to rotting.
Scrolls take you longer to read.
Your mind is acute. (Int +2)


Message History

You are too injured to fight recklessly!
Unknown command.
The orc priest barely misses you.
The orc priest looks satisfied for a moment.
You slash the orc priest!
The orc priest is almost dead.
You hit the orc priest.
A jackal comes into view.
The orc priest barely misses you. The orc misses your butterfly.
The orc priest mumbles some strange prayers to Beogh against you.
Pain shoots through your body!
* * * LOW HITPOINT WARNING * * *
A shower of butterflies erupts from you!
The orc priest calls upon Beogh to heal the orc priest.
The orc priest is healed somewhat.
You hit the orc priest.
You kill the orc priest!
You hit the orc priest.
The orc priest hits you with a +0 short sword!
You die...

.. # ........... .. ....
#..#......... ... #...
##..##.......<# ####h..
......#......## .......
.........†....# #......
.(.............
#....#.##...............
#....b.b.#........#.....
#....So@.#.....[.##.....
..#.oob....#....###.....
#..b..b.b#.....##.....
.....bb..^........#....#
.....####.?...#.....†##.
....# ##....##........
.... ####.##........ ...
#.......#..... ..
###.######...#


You could see an orc priest, an adder, 2 orcs and a jackal.

Vanquished Creatures
  An orc priest (D:4)
  Jessica (D:2)
  An iguana (D:4)
  2 worker ants
  6 adders
  An ooze (D:1)
  3 worms (D:2)
  A dart slug (D:1)
  A leopard gecko (D:2)
  A ball python (D:3)
  4 giant cockroaches
  9 goblins
  8 hobgoblins
  4 jackals (D:1)
  6 kobolds
  5 bats
  3 frilled lizards
  13 rats
70 creatures vanquished.

Notes
Turn   | Place    | Note
-------+----------+-------------------------------------------
     0 | D:1      | Kairos the Vine Stalker Chaos Knight began the quest for
                  | the Orb.
     0 | D:1      | Reached XP level 1. HP: 11/11 MP: 2/2
    61 | D:1      | Reached XP level 2. HP: 16/16 MP: 3/3
   111 | D:1      | Reached skill level 3 in Axes
   132 | D:1      | XOM: potion effect (brilliance)
   370 | D:1      | XOM: harmless Air miscast
   655 | D:1      | XOM: summons 1 friendly demon
   665 | D:1      | Reached XP level 3. HP: 19/20 MP: 4/4
   750 | D:1      | Found a shimmering altar of Xom.
   752 | D:1      | Found an opulent altar of Gozag.
   752 | D:1      | Found a blossoming altar of Fedhas.
   754 | D:1      | Found a hide-covered altar of Uskayaw.
   754 | D:1      | Found a radiant altar of Vehumet.
   754 | D:1      | Found a shimmering altar of Xom.
  1096 | D:1      | XOM: harmless Fire miscast
  1191 | D:2      | Reached skill level 1 in Dodging
  1218 | D:2      | XOM: enchant monster (good)
  1260 | D:2      | Gained mutation: Your natural rate of healing is unusually
                  | fast. [Vine Stalker growth]
  1260 | D:2      | Reached XP level 4. HP: 20/24 MP: 3/5
  1458 | D:2      | Noticed Jessica
  1467 | D:2      | Killed Jessica
  1467 | D:2      | Reached skill level 1 in Stealth
  1467 | D:2      | Reached XP level 5. HP: 22/28 MP: 3/6
  1783 | D:3      | Found an iron altar of Okawaru.
  1783 | D:3      | XOM: 3-stop teleportation journey
  1833 | D:3      | XOM: 7-stop teleportation journey
  1875 | D:3      | XOM: give mutations
  1875 | D:3      | Gained mutation: Your mind is acute. (Int +2) [Xom's
                  | mischief]
  1875 | D:3      | Gained mutation: Scrolls take you a little longer to read.
                  | [Xom's mischief]
  1875 | D:3      | Gained mutation: Scrolls take you longer to read. [Xom's
                  | mischief]
  2107 | D:3      | Reached skill level 4 in Axes
  2270 | D:4      | Reached XP level 6. HP: 19/33 MP: 4/7
  2399 | D:4      | XOM: butterfly on damage
  2401 | D:4      | XOM: butterfly on damage
  2402 | D:4      | Slain by an orc priest

Skill      XL: |  1  2  3  4  5 |
---------------+----------------+-----
Fighting       | 3 |  3.7
Axes           | 3 4 |  4.4
Dodging        | 1 2 |  2.0
Armour         | 2 |  2.2
Stealth        | 1 |  1.6

Action                   |  1- 3 |  4- 6 || total
-------------------------+-------+-------++-------
Melee: Hand axe          |   100 |    80 ||   180
       Bite              |    23 |    25 ||    48
       War axe           |       |    34 ||    34
  Use: Scroll            |       |     9 ||     9
 Stab: Petrifying        |     1 |       ||     1
       Paralysed         |       |     2 ||     2
  Eat: Chunk             |     1 |     4 ||     5
Armor: Leather armour    |    82 |    35 ||   117
       Scale mail        |       |     1 ||     1
Dodge: Dodged            |    82 |    83 ||   165
